Map: 이페머론 - 래더

Players

Bunny - Winner!

  • Race: Terran Terran
  • Spawn Location: 5:00

SortOf

  • Race: Zerg Zerg
  • Spawn Location: 11:00

VOD

Have the link to the VOD?

Description

Time

  • Played on: Jan. 15, 2020, 5:56 a.m.
  • Length: 14:25
Show
View Real Time Build Order
Export as new Build Order

Bunny Terran - Winner!

Build Orders: Reaper Expand 

Get SALT Encoding   

  12  0:01  SCV  
  13  0:13  SCV  
  14  0:17  Supply Depot  
  14  0:25  SCV  
  15  0:38  SCV  
  15  0:40  Barracks  
  16  0:44  Refinery  
  16  0:50  SCV  
  17  1:02  SCV  
  18  1:15  SCV  
  19  1:27  Orbital Command  
  19  1:28  Reaper  
  20  1:39  Command Center  
  20  1:51  Supply Depot  
  20  1:52  SCV  
  21  2:00  Marine  
  22  2:04  SCV  
  22  2:07  Factory  
  23  2:16  SCV  
  24  2:23  Barracks Reactor  
  24  2:28  SCV  
  25  2:40  SCV  
  25  2:42  Command Center  
  26  2:51  Orbital Command  
  26  2:53  SCV  
  27  3:03  Hellion x2  
  27  3:05  SCV  
  32  3:10  Barracks Tech Lab  
  32  3:17  SCV  
  32  3:18  SCV  
  32  3:19  Barracks  
  34  3:26  Hellion x2  
  38  3:29  SCV  
  38  3:30  SCV  
  38  3:32  Stimpack  
  40  3:34  Marine  
  41  3:41  SCV  
  41  3:42  SCV  
  41  3:44  Refinery  
  43  3:53  SCV  
  43  3:54  SCV, Orbital Command  
  45  3:57  Starport  
  45  3:59  Marine  
  45  4:00  Refinery  
  46  4:04  Factory Reactor  
  46  4:06  SCV x2  
  48  4:17  Marine  
  48  4:18  SCV x2  
  48  4:19  SCV  
  48  4:23  Marine x2  
  54  4:25  Supply Depot  
  54  4:30  SCV x2  
  56  4:31  SCV  
  56  4:36  Marine  
  58  4:41  Marine x2  
  58  4:45  SCV x2  
  59  4:46  SCV  
  59  4:49  Factory Tech Lab  
  58  4:53  Supply Depot  
  58  4:54  Marine  
  58  4:55  Supply Depot  
  58  4:57  Supply Depot  
  58  4:59  Marine x2  
  59  5:00  Medivac x2  
  59  5:04  SCV  
  59  5:05  SCV  
  66  5:07  Engineering Bay  
  66  5:09  Siege Tank  
  66  5:10  Refinery, Engineering Bay  
  66  5:11  Orbital Command  
  68  5:16  SCV  
  68  5:17  SCV  
  68  5:19  Marine x3  
  73  5:21  Supply Depot  
  73  5:23  Combat Shield  
  73  5:29  SCV x2  
  75  5:37  Marine x3, SCV  
  75  5:41  SCV x2  
  81  5:43  Siege Tank  
  81  5:44  Supply Depot  
  81  5:45  Terran Infantry Weapons Level 1  
  84  5:50  Barracks x2  
  84  5:52  Barracks, Terran Infantry Armor Level 1  
  84  5:54  SCV x2  
  84  5:55  SCV  
  87  6:01  Marine x3  
  87  6:03  Refinery  
  90  6:06  SCV  
  90  6:07  SCV x2  
  93  6:18  Siege Tank  
  96  6:19  Marine x3  
  96  6:20  SCV x3  
  96  6:21  Armory  
  96  6:24  Medivac  
  104  6:25  Supply Depot  
  104  6:26  Supply Depot, Medivac  
  104  6:32  SCV x3  
  109  6:38  Refinery  
  109  6:42  Supply Depot x2  
  109  6:44  Barracks Reactor x3  
  109  6:46  SCV  
  109  6:47  Marine x3, SCV x2  
  109  6:53  Siege Tank  
  117  7:04  Command Center  
  117  7:12  Drilling Claws  
  117  7:14  SCV x2  
  117  7:15  SCV, Marine x3  
  120  7:17  Factory  
  122  7:26  Medivac x2  
  122  7:28  Marine x6  
  126  7:33  Marine  
  127  7:41  Marine, Supply Depot  
  127  7:42  SCV x2, Supply Depot  
  127  7:43  Supply Depot  
  130  7:44  Supply Depot  
  130  7:46  Terran Infantry Weapons Level 2  
  130  7:48  Supply Depot  
  130  7:49  Supply Depot  
  130  7:54  Terran Infantry Armor Level 2  
  130  7:55  Marine x5  
  130  7:58  Widow Mine  
  137  8:00  Missile Turret  
  137  8:03  Missile Turret  
  137  8:11  Marine x4  
  141  8:13  Marine x4, Medivac  
  141  8:18  Medivac  
  149  8:20  Factory Reactor  
  149  8:24  Widow Mine  
  149  8:26  Marine  
  151  8:29  Marine x2  
  151  8:34  Barracks  
  154  8:35  Barracks  
  154  8:36  Barracks  
  154  8:45  Marauder, Siege Tank  
  154  8:46  Factory Tech Lab  
  159  8:50  Factory, Terran Vehicle Weapons Level 1  
  159  8:56  Marine x3  
  159  8:57  Marine x5  
  161  9:06  Marine  
  161  9:09  Concussive Shells  
  162  9:10  Siege Tank  
  162  9:16  Planetary Fortress  
  165  9:17  Siege Tank  
  165  9:23  Barracks Tech Lab x3  
  170  9:24  Marauder  
  170  9:27  Marine x5  
  174  9:34  Marine x3  
  174  9:35  SCV x2  
  174  9:36  SCV, Factory Tech Lab  
  175  9:43  Marauder x3  
  175  9:44  Marine  
  175  9:45  Marine x4, Marauder  
  185  9:47  Refinery  
  185  9:58  Medivac x2  
  189  10:01  Siege Tank  
  189  10:02  Siege Tank x2  
  200  10:14  Sensor Tower, Marauder x2  
  200  10:15  Command Center  
  197  10:33  Siege Tank  
  193  10:36  Medivac x2  
  185  10:45  Marine x11, Marauder  
  181  10:53  Siege Tank x2  
  181  10:56  Terran Infantry Armor Level 3, Terran Infantry Weapons Level 3  
  187  11:03  Marauder  
  187  11:04  Marauder x2  
  193  11:06  Siege Tank  
  193  11:09  Sensor Tower  
  188  11:16  Marine x9  
  194  11:24  Marine x2  
  194  11:25  Siege Tank  
  199  11:26  Refinery  
  197  11:37  Marauder x2, Command Center  
  197  11:38  Siege Tank  
  200  11:54  Command Center  
  200  11:55  Command Center  
  200  12:05  Sensor Tower  
  197  12:23  Siege Tank  
  195  12:31  Siege Tank  
  195  12:32  Siege Tank  
  195  12:33  Medivac x2  
  195  12:36  Marine x3  
  195  12:37  Marine x5, Marauder x2  
  168  12:38  Marauder  
  168  12:39  Marauder  
  148  12:51  Planetary Fortress  
  148  12:54  Marine x5  
  148  12:55  Siege Tank  
  148  12:58  Marauder  
  158  13:03  Medivac x2  
  158  13:04  Marine x3, Marauder x3, Siege Tank x2  
  177  13:10  Planetary Fortress  
  177  13:12  Marine x4  
  180  13:14  Orbital Command  
  180  13:19  Orbital Command  
  181  13:27  Siege Tank  
  181  13:30  Marauder x3  
  181  13:31  Marauder  
  192  13:36  Marine x2, Siege Tank x2  
  200  13:46  Medivac  
  199  13:48  Refinery  
  199  13:49  Refinery  
  199  13:54  Marauder x3  
  198  14:00  Marine  
  198  14:01  Marine x7  
  200  14:05  Refinery x2  
  200  14:07  Sensor Tower  
  190  14:22  Starport  
Show
View Real Time Build Order
Export as new Build Order

SortOf Zerg 

Build Orders: Hatch First 

Get SALT Encoding   

  12  0:00  Drone  
  13  0:12  Overlord  
  13  0:18  Drone  
  14  0:31  Drone x2  
  16  0:49  Hatchery  
  15  0:52  Drone  
  15  0:55  Drone  
  17  0:59  Drone  
  18  1:09  Extractor  
  17  1:14  Spawning Pool  
  17  1:17  Drone  
  17  1:21  Drone  
  18  1:28  Drone  
  19  1:38  Drone  
  20  1:49  Overlord  
  20  2:01  Queen x2  
  20  2:02  Zergling x4  
  26  2:10  Drone  
  26  2:12  Drone  
  28  2:17  Metabolic Boost  
  28  2:23  Overlord  
  28  2:33  Drone x2  
  29  2:37  Queen  
  29  2:39  Drone  
  32  2:44  Queen  
  32  2:48  Drone x2  
  36  2:55  Drone x2  
  38  3:10  Overlord  
  38  3:15  Drone  
  38  3:19  Hatchery  
  38  3:20  Drone, Pneumatized Carapace  
  38  3:23  Drone  
  38  3:26  Drone  
  41  3:27  Drone  
  41  3:29  Drone  
  41  3:31  Drone  
  44  3:38  Overlord  
  44  3:40  Queen  
  46  3:44  Drone  
  46  3:47  Drone x2  
  49  3:50  Drone  
  49  3:52  Drone x2  
  52  3:58  Zergling x6  
  55  4:03  Zergling x2  
  56  4:11  Zergling x4  
  56  4:16  Lair, Queen  
  60  4:19  Overlord  
  60  4:24  Extractor  
  60  4:26  Baneling Nest  
  57  4:32  Drone x7  
  64  4:39  Drone  
  65  4:52  Drone  
  66  4:56  Queen  
  66  4:58  Drone  
  66  4:59  Overlord  
  65  5:00  Overlord  
  65  5:02  Overlord  
  65  5:06  Overlord  
  65  5:09  Extractor  
  64  5:15  Drone, Evolution Chamber x2, Centrifical Hooks  
  64  5:16  Overlord  
  64  5:18  Drone x6  
  69  5:26  Drone x2  
  69  5:28  Hatchery  
  70  5:33  Drone x4  
  74  5:36  Drone x2  
  74  5:40  Drone x5  
  81  5:43  Extractor x2  
  81  5:44  Queen  
  81  5:48  Overlord  
  81  5:50  Zergling x2  
  81  5:52  Zerg Melee Weapons Level 1  
  81  5:56  Zerg Ground Armor Level 1  
  82  5:58  Drone x3  
  82  6:00  Baneling x2  
  82  6:01  Zergling x4  
  82  6:03  Zergling x2  
  88  6:08  Zergling x8  
  92  6:13  Zergling x6  
  92  6:16  Zergling x6  
  92  6:17  Overseer, Baneling x3  
  96  6:22  Zergling x4  
  98  6:28  Zergling x2  
  98  6:30  Zergling x6  
  98  6:32  Baneling x9  
  103  6:36  Zergling x2  
  101  6:48  Zergling x14  
  108  6:59  Zergling x12  
  114  7:02  Baneling x5  
  114  7:12  Hydralisk Den  
  114  7:14  Hatchery  
  107  7:27  Drone x8  
  107  7:28  Overlord x5  
  114  7:37  Overlord x3  
  114  7:39  Hatchery  
  113  7:48  Hydralisk x7, Zerg Melee Weapons Level 2, Muscular Augments  
  127  7:51  Drone  
  127  7:56  Zerg Ground Armor Level 2  
  128  8:00  Drone x4  
  128  8:01  Drone  
  128  8:02  Drone  
  128  8:04  Baneling x3  
  134  8:10  Zergling x10  
  135  8:19  Infestation Pit  
  134  8:20  Zergling x2, Hydralisk x3  
  141  8:28  Zergling x6  
  144  8:34  Zergling x6  
  143  8:46  Zergling x12  
  148  8:54  Zergling x18  
  148  9:10  Overlord  
  148  9:12  Hydralisk x3  
  148  9:13  Zergling x10, Hydralisk  
  148  9:14  Hive  
  148  9:15  Grooved Spines  
  159  9:20  Zergling x20  
  166  9:25  Baneling x5  
  166  9:26  Baneling x5  
  162  9:31  Zergling x10  
  152  9:46  Zergling x8, Hydralisk x5  
  152  9:47  Zergling x4  
  166  9:54  Baneling x3  
  166  9:57  Baneling x2  
  166  9:59  Overseer  
  166  10:00  Baneling x6  
  166  10:05  Hatchery  
  165  10:07  Hydralisk x3  
  165  10:08  Zergling x10, Hydralisk x3  
  165  10:11  Overseer  
  182  10:17  Overlord x2  
  178  10:26  Zergling x20  
  185  10:29  Baneling x4  
  170  10:36  Zergling x8  
  157  10:43  Zergling x6  
  157  10:46  Adrenal Glands  
  156  10:51  Zergling x8  
  154  10:57  Viper  
  154  10:58  Hatchery  
  154  11:01  Drone x2  
  146  11:12  Extractor x2  
  146  11:16  Zergling x10  
  146  11:17  Zerg Ground Armor Level 3  
  141  11:24  Zergling x20  
  151  11:26  Queen  
  151  11:31  Overlord  
  150  11:34  Overlord  
  148  11:41  Zergling x16  
  148  11:43  Overlord  
  156  11:48  Baneling x7  
  156  11:52  Zergling x6, Hydralisk x2  
  156  11:53  Zergling x4  
  165  12:01  Ultralisk Cavern, Baneling x4  
  165  12:08  Zergling x16  
  172  12:13  Baneling x2  
  172  12:14  Baneling x4  
  169  12:16  Zergling x10  
  169  12:19  Baneling x6  
  165  12:34  Zergling x28  
  147  12:40  Hydralisk x2  
  147  12:43  Hydralisk x2  
  130  12:48  Hydralisk x2  
  123  12:54  Zergling x2, Baneling x8  
  123  12:55  Zergling x2  
  123  12:59  Viper x2  
  123  13:04  Zergling x10  
  128  13:21  Ultralisk  
  128  13:26  Hatchery  
  132  13:29  Ultralisk  
  132  13:31  Overlord  
  136  13:36  Zergling x10  
  141  13:43  Zergling x12  
  133  13:50  Zergling x12  
  129  13:57  Zergling x2  
  129  14:07  Zergling x16  
Tags
 
Add a new tag
Caveats
  • Supply blocks, unpowered buildings, or Contaminate may cause inaccurate times.
  • Supply counts are checked every 10 seconds.